cohdb
Replays
Latest Replays
All Replays
Popular Replays
Top Player Replays
Match Explorer
How It Works
Community
CoH3 Stats
Reddit
Sign in to upload your games and track your stats! →
Sign in with Steam
Match 41243083
Unlisted
Match 41243083
Overview
Messages
Build Orders
End
Construct Barracks
Riflemen Squad
Riflemen Squad
Riflemen Squad
Grenade Package
M1 Mortar Team
Air Support Center
Engineer Squad
Construct Medical Station
Grasshopper Recon Run
Construct Motor Pool
P-47 Strafing Run
Grasshopper Recon Run
M24 Chaffee Light Tank
Grasshopper Recon Run
Riflemen Squad
Selects Advanced Infantry Battlegroup
Selects Convert to Ranger Squad
Selects Designate Assault Position
Selects Ranger Weapon Training
Convert to Ranger Squad
Grasshopper Recon Run
M1 Anti-tank Gun Team
Grasshopper Recon Run
Scout Squad
Construct Weapon Support Center
Selects Artillery Observers
Selects Ammunition Storage
Grasshopper Recon Run
Scout Squad
P-47 Strafing Run
M1918 Browning Automatic Rifles
Grasshopper Recon Run
P-47 Strafing Run
Selects M2A1 105mm Howitzer Emplacement
Selects 155mm Rapid Artillery Barrage
Grasshopper Recon Run
Grasshopper Recon Run
Spaghetti
^3
0
0
Comments
sign in to comment!
No comments posted yet!